 Dungeon Crawl Stone Soup version 0.21.1-1-g345015fe64 (webtiles) character file.

9287 Gargoyl the Envoy of Void (level 11, -17/89 HPs)
             Began as a Centaur Abyssal Knight on July 6, 2018.
             Was a High Priest of Lugonu.
             Demolished by a swamp worm (20 damage)
             ... on level 2 of the Lair of Beasts.
             The game lasted 00:18:38 (10113 turns).

Gargoyl the Envoy of Void (Centaur Abyssal Knight) Turns: 10113, Time: 00:18:38

Health: -17/89     AC: 21    Str: 17    XL:     11   Next: 21%
Magic:  17/17      EV:  7    Int: 11    God:    Lugonu [*****.]
Gold:   515        SH: 14    Dex:  8    Spells: 10/10 levels left

rFire    . . .     SeeInvis .   a - +4 hand axe
rCold    . . .     Gourm    .   s - +0 large shield
rNeg     . . .     Faith    .   u - +4 troll leather armour
rPois    +         Spirit   .   e - +1 helmet
rElec    .         Reflect  .   d - +2 cloak
rCorr    .         Harm     .   (no gloves)
MR       .....                  (no barding)
Stlth    +.........             b - amulet of regeneration
HPRegen  1.04/turn              t - +6 ring of protection
MPRegen  0.15/turn              (no ring)

@: very slow
A: large, hooves 3, clumsy 1, deformed body, speed 2, poison resistance, tough
skin 3
a: Depart the Abyss, Bend Space, Banish, Corrupt, Enter the Abyss, Renounce
Religion


You were on level 2 of the Lair of Beasts.
You worshipped Lugonu.
Lugonu was extremely pleased with you.
You were not hungry.

You visited 2 branches of the dungeon, and saw 10 of its levels.
You visited the Abyss 1 time.
You also visited: Sewer.

You collected 592 gold pieces.
You spent 77 gold pieces at shops.

Inventory:

Hand Weapons
 a - a +4 hand axe (weapon)
Missiles
 j - 7 javelins (quivered)
 x - 2 javelins of returning
Armour
 d - a +2 cloak (worn)
 e - a +1 helmet (worn)
 s - a +0 large shield (worn)
 u - a +4 troll leather armour (worn)
 D - a scarf of cloud immunity
Jewellery
 b - an amulet of regeneration (around neck)
 t - a +6 ring of protection (left hand)
Wands
 l - a wand of enslavement (8)
 n - a wand of acid (26)
 y - a wand of random effects (30)
 B - a wand of scattershot (5)
 C - a wand of polymorph (4)
 E - a wand of paralysis (9)
Scrolls
 f - 5 scrolls of teleportation
 g - a scroll of fear
 o - 4 scrolls of remove curse
 q - 3 scrolls of identify
 v - a scroll of fog
 w - 2 scrolls of amnesia
 z - a scroll of blinking
Potions
 h - a potion of cancellation
 i - a potion of lignification
 k - 2 potions of haste
 m - a potion of flight
 p - 2 potions of might
 r - 3 potions of curing
Books
 F - a book of Callings

   Spells                             Type                      Level
   a - Summon Small Mammal            Summoning                    1
   b - Call Imp                       Summoning                    2
   c - Call Canine Familiar           Summoning                    3
   d - Summon Guardian Golem          Hexes/Summoning              3
   e - Summon Lightning Spire         Summoning/Air                4
   f - Summon Ice Beast               Ice/Summoning                4
Comestibles
 c - 13 rations
 A - 7 chunks of flesh


   Skills:
 + Level 6.2 Fighting
 + Level 8.4 Axes
 + Level 0.6 Throwing
 * Level 6.0 Armour
 + Level 4.5 Dodging
 + Level 5.2 Shields
 * Level 8.4 Invocations


You had 10 spell levels left.
You didn't know any spells.

Dungeon Overview and Level Annotations

Branches:
Dungeon (8/15)             Temple (0/1) D:6            Lair (2/6) D:8
  Swamp (0/4) Lair:2
  Snake: Lair:2-4    Spider: Lair:2-4

Altars:
The Shining One

Shops:
D:5 [   D:6 %   D:8 [


Innate Abilities, Weirdness & Mutations

You have hooves in place of feet.
Armour fits poorly on your strangely shaped body.
You cover ground very quickly.
You have extremely tough skin. (AC +3)
You are clumsy. (Dex -2)
Your system is resistant to poisons. (rPois)


Message History

The swamp worm is moderately wounded.
You hit the plant.
You hit the swamp worm but do no damage.
You hit the swamp worm.
The swamp worm bites you but does no damage.
The swamp worm bites you!
You closely miss the swamp worm. You hit the plant but do no damage.
You hit the swamp worm. You closely miss the swamp worm.
You barely miss the swamp worm. The swamp worm bites you.
You block the swamp worm's attack. The swamp worm bites you! x3
* * * LOW HITPOINT WARNING * * *
Unknown command.
You hit the swamp worm but do no damage.
You hit the swamp worm. You closely miss the swamp worm.
You hit the swamp worm but do no damage.
You hit the plant but do no damage. The swamp worm bites you!
* * * LOW HITPOINT WARNING * * *
The swamp worm bites you but does no damage.
You block the swamp worm's attack. The swamp worm bites you!!
You die...

...####..# # ...# ##..# #...#..#
..... ...# #...# #...#..##..?..
P..# ##..#≈#...#..#......
#..####.≈≈≈≈≈≈≈≈...#.....
#...##≈≈≈≈≈≈≈≈≈≈≈..#.......
#..##≈≈≈#######≈≈≈..............P
....≈≈≈##≈≈≈≈†#Pw≈..............#
#....≈≈#[≈≈≈≈†ww@≈≈#............P
#....≈≈##≈≈≈≈†#ww≈##.............
#..#≈≈≈≈#######≈≈≈##.............
#...##≈≈≈≈≈≈≈≈≈≈≈.##.............
#<...##.≈≈≈≈≈≈≈≈.................
P§§###...#....≈#.................
§§§# #...#.......#.............#
§§.####..##...##...#...#........#
#§.P##...###..##...#..###........


You could see 5 swamp worms.

Vanquished Creatures
  The ghost of Emandoog the Slasher, a novice MiFi (D:5)
  2 spiny frogs
  A komodo dragon (D:8)
  A hornet (D:8)
  3 hippogriffs
  20 yaks
  Menkaure (D:5)
  2 water moccasins
  A porcupine (Lair:1)
  3 orc warriors
  9 ice beasts
  A sky beast (D:8)
  2 black bears
  A centaur (D:5)
  3 ogres
  A wolf (Lair:2)
  A crocodile (Lair:1)
  2 bullfrogs
  3 scorpions
  5 wights (D:7)
  3 crimson imps
  3 bullfrog zombies
  A quasit (D:7)
  2 hounds
  2 orc priests
  A jelly (D:8)
  10 orc wizards
  A bullfrog skeleton (D:5)
  Terence (D:3)
  3 iguanas
  4 worker ants
  A hound skeleton (D:5)
  2 worker ant zombies
  4 gnolls (D:6)
  19 adders
  A howler monkey skeleton (D:7)
  A shadow imp (D:8)
  3 oozes
  An adder skeleton (D:5)
  13 worms
  2 dart slugs
  9 leopard geckos
  26 orcs
  5 giant cockroaches
  3 goblins (D:3)
  5 hobgoblins
  8 jackals
  6 kobolds
  2 quokkas
  6 ball pythons
  6 bats
  9 frilled lizards
  A jackal zombie (D:7)
  8 rats
  2 plants (Lair:2)
237 creatures vanquished.

Vanquished Creatures (others)
  A two-headed ogre (D:8)
  A fungus (Lair:1)
  8 plants
10 creatures vanquished.

Grand Total: 247 creatures vanquished

Notes
Turn   | Place    | Note
-------+----------+-------------------------------------------
     0 | Abyss:1  | Gargoyl the Centaur Abyssal Knight began the quest for the Orb.
     0 | Abyss:1  | Reached XP level 1. HP: 19/19 MP: 2/2
    43 | Abyss:1  | Noticed an ancient zyme
    47 | Abyss:1  | Found a corrupted altar of Lugonu.
    51 | Abyss:1  | Noticed a glowing orange brain
    54 | Abyss:1  | Noticed a smoke demon
    55 | D:1      | Escaped the Abyss
   207 | D:1      | Reached XP level 2. HP: 21/26 MP: 3/3
   245 | D:1      | Reached * piety under Lugonu
   936 | D:2      | Reached XP level 3. HP: 24/31 MP: 4/4
  1200 | D:2      | Reached skill level 1 in Dodging
  1958 | D:2      | Reached XP level 4. HP: 21/38 MP: 5/5
  2346 | D:3      | Noticed Terence
  2694 | D:3      | Killed Terence
  2744 | D:3      | Reached XP level 5. HP: 29/45 MP: 7/7
  3031 | D:3      | Reached ** piety under Lugonu
  3343 | D:4      | Found a glowing drain.
  3344 | D:4      | Noticed an ogre
  3369 | D:4      | Killed an ogre
  3369 | D:4      | Reached XP level 6. HP: 50/52 MP: 8/8
  3386 | Sewer    | Entered a sewer
  4646 | D:5      | Entered Level 5 of the Dungeon
  4720 | D:5      | Reached XP level 7. HP: 50/59 MP: 9/9
  4851 | D:5      | Noticed Emandoog's ghost (novice MiFi)
  4927 | D:5      | Killed Emandoog's ghost
  4927 | D:5      | Reached skill level 1 in Shields
  4999 | D:5      | Reached *** piety under Lugonu
  5157 | D:5      | Noticed Menkaure
  5170 | D:5      | Reached XP level 8. HP: 56/67 MP: 11/11
  5183 | D:5      | Killed Menkaure
  5187 | D:5      | Reached skill level 5 in Axes
  5265 | D:5      | Reached skill level 5 in Invocations
  5451 | D:5      | Found Aduenkei's Antique Armour Boutique.
  5780 | D:6      | Found a staircase to the Ecumenical Temple.
  5788 | D:6      | Found Ineitekk's Food Emporium.
  5967 | D:6      | Reached **** piety under Lugonu
  6415 | D:6      | Reached XP level 9. HP: 66/72 MP: 13/13
  6646 | D:7      | Gained mutation: You are clumsy. (Dex -2) [potion of mutation]
  6646 | D:7      | Gained mutation: Your system is resistant to poisons. (rPois) [potion of mutation]
  7007 | D:7      | Found a glowing golden altar of the Shining One.
  7271 | D:8      | Found Veucs's Armour Emporium.
  7276 | D:8      | Noticed a two-headed ogre
  7288 | D:8      | Banished a two-headed ogre
  7288 | D:8      | Reached skill level 5 in Fighting
  7359 | D:8      | Bought a scarf of cloud immunity for 77 gold pieces
  7582 | D:8      | Noticed a komodo dragon
  7704 | D:8      | Killed a komodo dragon
  7704 | D:8      | Reached skill level 5 in Armour
  7943 | D:8      | Reached XP level 10. HP: 43/81 MP: 15/15
  8148 | D:8      | Got a flickering ivory ring
  8149 | D:8      | Identified the ring of Dafynupu {Wiz Str+3 Int+6 Slay-2 Stlth+} (You found it on level 8 of the Dungeon)
  8431 | D:8      | Found a staircase to the Lair.
  8463 | Lair:1   | Entered Level 1 of the Lair of Beasts
  8463 | Lair:1   | Found a frozen archway.
  8463 | Lair:1   | Noticed a spiny frog
  8475 | D:8      | Reached ***** piety under Lugonu
  8510 | D:8      | Killed a spiny frog
  9076 | Lair:1   | Reached XP level 11. HP: 89/89 MP: 17/17
  9112 | Lair:1   | Reached skill level 5 in Shields
  9957 | Lair:2   | Found a staircase to the Swamp.
 10113 | Lair:2   | HP: 3/89 [swamp worm (13)]
 10113 | Lair:2   | Demolished by a swamp worm

Skill      XL: |  1  2  3  4  5  6  7  8  9 10 11 |
---------------+----------------------------------+-----
Axes           | 2 3 4 5 7 8 |  8.4
Dodging        | 1 2 3 4 |  4.5
Armour         | 2 3 4 5 6 |  6.0
Invocations    | 3 4 5 7 8 |  8.4
Fighting       | 4 5 6 |  6.2
Shields        | 1 2 3 4 5 |  5.2
Throwing       | |  0.6

Action                   |  1- 3 |  4- 6 |  7- 9 | 10-12 || total
-------------------------+-------+-------+-------+-------++-------
Melee: Hand axe          |    80 |   208 |   638 |   446 ||  1372
       Kick              |    13 |    37 |   128 |   123 ||   301
Throw: Javelin           |       |       |     7 |       ||     7
Invok: Depart the Abyss  |     1 |       |       |       ||     1
       Banish            |       |       |     1 |       ||     1
  Use: Potion            |     3 |     1 |    11 |       ||    15
       Scroll            |       |    14 |     5 |     6 ||    25
 Stab: Invisible         |       |       |     4 |       ||     4
  Eat: Chunk             |     2 |     7 |    10 |     8 ||    27
Armor: Leather armour    |    78 |     1 |       |       ||    79
       Chain mail        |       |   100 |       |       ||   100
       Troll leather arm |       |    99 |   260 |   252 ||   611
       Skin              |       |       |    51 |       ||    51
Dodge: Dodged            |    65 |   101 |   138 |   121 ||   425
Block: Large shield      |       |    10 |   388 |   341 ||   739
